Map: Equilibrium LE

Players

SirBedivere

  • Race: Protoss Protoss
  • League: Bronze
  • Spawn Location: 1:00

demzi - Winner!

  • Race: Zerg Zerg
  • League: Silver
  • Spawn Location: 11:00

VOD

Have the link to the VOD?

Description

Time

  • Played on: March 20, 2024, 6:36 p.m.
  • Length: 12:12
Show
View Real Time Build Order
Export as new Build Order

SirBedivere Protoss 

Build Orders: Zealot Archon 

Get SALT Encoding   

  12  0:00  Probe  
  13  0:12  Probe  
  14  0:23  Pylon  
  14  0:24  Probe  
  15  0:41  Probe  
  15  0:42  Gateway  
  16  0:50  Assimilator  
  16  0:53  Probe  
  17  1:05  Probe  
  17  1:07  Gateway  
  18  1:17  Probe  
  19  1:29  Probe  
  20  1:33  Cybernetics Core  
  20  1:35  Pylon  
  20  1:41  Probe  
  21  1:52  Assimilator  
  21  1:53  Probe  
  22  2:05  Probe  
  23  2:08  Nexus  
  23  2:16  Shield Battery  
  23  2:21  Probe  
  24  2:25  Warp Gate  
  24  2:27  Adept (Chrono Boost)  
  26  2:35  Adept (Chrono Boost)  
  28  2:37  Probe  
  29  2:50  Probe  
  30  3:17  Probe  
  31  3:20  Stalker  
  31  3:23  Pylon  
  33  3:28  Stargate  
  33  3:30  Gateway  
  33  3:33  Pylon  
  33  3:37  Probe (Chrono Boost)  
  33  3:38  Probe (Chrono Boost)  
  35  3:41  Assimilator  
  37  3:49  Probe (Chrono Boost)  
  37  3:50  Probe (Chrono Boost)  
  37  3:55  Probe x2 (Chrono Boost)  
  39  4:05  Probe (Chrono Boost)  
  39  4:09  Probe (Chrono Boost)  
  41  4:11  Probe (Chrono Boost)  
  41  4:16  Oracle, Probe  
  46  4:19  Probe  
  46  4:22  Assimilator  
  47  4:28  Probe  
  48  4:31  Probe  
  49  4:44  Probe x2  
  49  4:51  Oracle (Chrono Boost)  
  47  4:56  Probe  
  51  5:00  Pylon  
  51  5:10  Twilight Council  
  51  5:11  Gateway, Pylon  
  51  5:12  Probe (Chrono Boost)  
  51  5:14  Gateway  
  52  5:17  Gateway  
  52  5:21  Oracle  
  56  5:22  Probe (Chrono Boost)  
  56  5:26  Probe (Chrono Boost)  
  57  5:32  Nexus  
  57  5:33  Stalker x2  
  57  5:34  Pylon  
  57  5:35  Sentry  
  63  5:44  Blink (Chrono Boost)  
  63  5:53  Templar Archives  
  63  6:01  Stalker x3  
  69  6:06  Stalker  
  71  6:18  Gateway x2  
  71  6:21  Shield Battery  
  71  6:22  Forge  
  71  6:27  Shield Battery  
  71  6:28  Shield Battery  
  71  6:29  Pylon  
  71  6:32  Probe x2  
  73  6:44  Stalker x2, Probe x2  
  71  6:51  Stalker  
  71  6:52  Stalker x2  
  77  6:56  Probe  
  78  7:08  Stalker  
  78  7:09  Stalker  
  82  7:16  Pylon  
  82  7:17  Protoss Ground Weapons Level 1  
  82  7:22  Probe x3  
  85  7:23  Stalker x2  
  85  7:24  Stalker  
  91  7:33  Pylon  
  91  7:34  Probe  
  91  7:36  High Templar x3  
  98  7:42  High Templar  
  100  7:44  Archon  
  100  7:46  Archon  
  100  7:48  Zealot  
  100  7:49  Zealot x3  
  108  7:52  Probe x3  
  108  7:55  Assimilator  
  111  8:04  Probe x3  
  114  8:16  Probe x3  
  114  8:18  Pylon  
  117  8:20  Pylon  
  117  8:22  Pylon  
  117  8:24  Pylon, Charge (Chrono Boost)  
  117  8:29  Pylon  
  117  8:37  High Templar x3  
  117  8:39  Zealot x5  
  133  8:44  Gateway  
  133  8:51  Gateway  
  133  8:52  Gateway  
  133  8:54  Archon  
  133  9:13  Nexus  
  133  9:17  Stalker x2  
  133  9:18  Stalker  
  139  9:38  Zealot x5  
  143  9:40  Zealot  
  143  9:44  Gateway  
  151  10:02  Probe x3  
  154  10:11  Pylon  
  154  10:14  Pylon x2, Probe x3  
  155  10:15  Pylon  
  157  10:25  Gateway  
  157  10:26  Gateway, Probe x3  
  160  10:30  Gateway  
  160  10:31  Pylon x2  
  160  10:32  Gateway  
  160  10:33  Pylon  
  160  10:34  Gateway  
  160  10:35  Pylon  
  160  10:39  High Templar x3, Pylon  
  160  10:40  High Templar x2  
  160  10:41  Zealot x3  
  160  10:42  Zealot x3, Pylon  
  182  10:44  Archon x2, Pylon  
  182  10:47  High Templar  
  178  10:53  Archon  
  123  11:06  Zealot  
  123  11:07  Zealot x4  
  123  11:08  Zealot  
  67  11:19  Stalker  
  67  11:20  Stalker x5  
  67  11:25  Stalker  
  61  11:35  Zealot x2  
  61  11:36  Zealot x4  
  61  11:37  Zealot x2  
  52  11:47  Zealot x4  
Show
View Real Time Build Order
Export as new Build Order

demzi Zerg - Winner!

Build Orders: Hatch First 

Get SALT Encoding   

  12  0:00  Drone  
  13  0:12  Overlord  
  13  0:16  Drone  
  14  0:31  Drone x2  
  16  0:49  Hatchery  
  15  0:55  Drone  
  15  0:56  Drone  
  17  1:00  Drone  
  17  1:03  Extractor  
  17  1:16  Spawning Pool  
  16  1:19  Drone  
  16  1:22  Drone  
  18  1:28  Drone  
  19  1:39  Drone  
  20  1:50  Overlord  
  20  2:02  Queen x2  
  20  2:04  Zergling x2  
  20  2:05  Zergling x2  
  26  2:14  Drone  
  26  2:15  Drone  
  28  2:22  Drone  
  29  2:24  Drone  
  30  2:32  Drone  
  30  2:33  Drone  
  32  2:39  Lair  
  32  2:43  Overlord  
  33  2:51  Drone  
  33  2:54  Drone  
  33  2:55  Queen  
  36  2:59  Extractor  
  36  3:01  Extractor  
  32  3:13  Drone x8  
  32  3:17  Overlord  
  40  3:28  Drone x2  
  42  3:46  Roach Warren  
  42  3:47  Drone x3  
  42  3:48  Evolution Chamber  
  43  3:50  Evolution Chamber  
  43  3:51  Drone x2  
  43  3:52  Drone x3  
  43  3:53  Overlord  
  47  3:57  Overlord  
  47  4:01  Pneumatized Carapace  
  47  4:07  Zergling x4  
  49  4:25  Zerg Missile Weapons Level 1  
  49  4:26  Zerg Ground Armor Level 1  
  48  4:33  Roach x6  
  48  4:34  Roach  
  56  4:49  Overlord  
  56  4:52  Hatchery  
  55  4:55  Drone x4  
  55  4:56  Drone  
  60  5:00  Glial Reconstitution  
  60  5:10  Roach x3  
  60  5:13  Roach  
  68  5:16  Overlord  
  68  5:20  Overlord  
  68  5:23  Overseer  
  68  5:33  Ravager x2  
  68  5:34  Ravager  
  73  5:35  Roach  
  73  5:36  Roach  
  73  5:38  Roach  
  73  5:40  Overlord x2  
  77  5:58  Drone x4  
  77  5:59  Drone x6  
  77  6:00  Drone  
  88  6:18  Spore Crawler  
  87  6:23  Spore Crawler  
  87  6:24  Drone  
  87  6:25  Drone x6, Spore Crawler  
  92  6:31  Drone, Spore Crawler x2  
  91  6:36  Overlord x3  
  77  7:02  Drone  
  77  7:03  Drone x7  
  77  7:07  Zerg Missile Weapons Level 2  
  77  7:08  Zerg Ground Armor Level 2, Hydralisk Den  
  84  7:14  Extractor x2, Drone x4  
  86  7:17  Drone x2  
  86  7:20  Drone x2  
  90  7:26  Drone, Overlord  
  91  7:36  Hatchery  
  90  7:40  Hydralisk x4  
  90  7:41  Hydralisk x4  
  106  7:45  Overlord x2  
  106  7:48  Muscular Augments  
  106  7:54  Roach x3  
  112  8:10  Drone x3  
  112  8:11  Drone x2  
  112  8:12  Extractor, Roach x6  
  128  8:21  Roach x3  
  134  8:31  Roach  
  134  8:32  Roach x9  
  154  8:41  Drone x3  
  156  8:46  Extractor  
  156  8:47  Roach x2  
  160  8:52  Queen  
  162  8:59  Roach  
  162  9:00  Roach x2  
  162  9:01  Overlord  
  162  9:02  Overlord x5  
  162  9:07  Hydralisk  
  162  9:08  Hydralisk x3  
  168  9:30  Drone x4  
  168  9:31  Drone x5  
  176  9:32  Drone x3  
  176  9:33  Roach  
  176  9:34  Roach x4  
  190  9:48  Ravager  
  186  9:53  Hydralisk  
  186  9:54  Hydralisk x6  
  200  10:06  Infestation Pit  
  159  11:11  Roach  
  159  11:12  Roach x18  
  159  11:13  Roach x2  
Tags
 
Composition
Zealot Archon
Matchup
PvZ
Replay Pack
Multiplayer
Spawn Locations
Close Positions
Add a new tag
Caveats
  • Supply blocks, unpowered buildings, or Contaminate may cause inaccurate times.
  • Supply counts are checked every 10 seconds.